Map: Jagannatha LE

Players

A.I. 1 (Very Easy)

  • Race: Protoss Protoss
  • Spawn Location: 1:00

ancientone - Winner!

  • Race: Terran Terran
  • Spawn Location: 7:00

VOD

Have the link to the VOD?

Description

replay upload try-2

Time

  • Played on: Nov. 4, 2020, 5:11 p.m.
  • Length: 14:36
Show
View Real Time Build Order
Export as new Build Order

A.I. 1 (Very Easy) Protoss 

Build Orders:  

Get SALT Encoding   

  12  0:00  Probe  
  13  0:13  Probe  
  14  0:19  Pylon  
  14  0:37  Assimilator  
  14  0:43  Gateway  
  14  0:46  Pylon  
  14  1:14  Assimilator  
  14  1:25  Probe  
  14  1:31  Zealot  
  17  1:33  Probe  
  17  1:34  Cybernetics Core  
  18  1:41  Probe  
  19  1:51  Probe  
  20  2:01  Probe  
  21  2:09  Probe  
  21  2:10  Warp Gate  
  22  2:41  Stalker  
  24  7:03  Probe  
  25  7:09  Adept  
  25  7:10  Pylon  
  25  7:12  Probe, Robotics Facility  
  27  7:16  Nexus  
  27  7:20  Probe  
  28  7:28  Probe  
  29  7:36  Probe  
  30  7:40  Pylon  
  31  7:52  Observer  
  28  8:07  Zealot  
  28  8:09  Observer  
  31  8:29  Probe  
  32  8:34  Probe  
  32  8:40  Assimilator  
  33  8:42  Assimilator  
  33  8:44  Probe  
  33  8:47  Probe  
  35  8:58  Probe  
  36  9:05  Probe, Stalker  
  39  9:13  Probe  
  40  9:20  Probe  
  41  9:24  Probe  
  42  9:32  Probe  
  42  9:37  Probe  
  43  9:45  Probe  
  45  9:56  Probe  
  46  10:03  Probe  
  47  10:10  Probe  
  48  12:14  Probe  
  48  12:22  Stalker  
  46  12:24  Probe  
  34  12:30  Probe  
  29  12:38  Probe  
  29  12:44  Pylon  
  25  12:46  Probe  
  25  12:48  Warp Prism  
  25  12:49  Gateway  
  25  12:50  Zealot  
  28  12:52  Robotics Bay  
  28  12:54  Probe  
  28  12:55  Stargate  
  25  13:03  Probe  
  25  13:05  Pylon  
  25  13:11  Probe  
  27  13:21  Probe  
  27  13:24  Observer  
  29  13:27  Pylon  
  29  13:33  Probe  
  30  13:34  Void Ray  
  33  13:41  Gateway  
  33  13:45  Probe  
  36  13:51  Pylon  
  35  13:57  Probe  
  35  14:09  Probe, Pylon  
Show
View Real Time Build Order
Export as new Build Order

ancientone Terran - Winner!

Build Orders: Mech 

Get SALT Encoding   

  12  0:00  SCV  
  13  0:12  SCV  
  14  0:20  Supply Depot  
  14  0:25  SCV  
  15  0:42  SCV  
  16  0:47  Barracks  
  16  0:54  SCV  
  16  0:55  Refinery  
  17  1:06  SCV  
  18  1:18  SCV  
  20  1:35  Orbital Command  
  19  1:44  Command Center  
  19  2:09  SCV  
  19  2:11  Barracks Reactor  
  20  2:17  Refinery  
  20  2:22  SCV  
  21  2:29  Command Center  
  21  2:34  SCV  
  22  2:46  SCV  
  23  2:58  SCV  
  24  3:05  Factory  
  24  3:08  Orbital Command  
  24  3:10  SCV  
  25  3:35  SCV x2  
  25  3:38  Factory  
  27  3:47  SCV x2  
  29  3:54  Factory Tech Lab  
  29  4:03  SCV  
  30  4:16  Siege Tank, Command Center  
  33  4:46  Hellion x2  
  33  4:48  Hellion  
  39  4:59  Factory  
  39  5:04  SCV x2  
  39  5:05  SCV  
  42  5:10  Hellion  
  44  5:16  SCV  
  44  5:18  Orbital Command  
  45  5:23  SCV  
  45  5:28  SCV  
  47  5:35  SCV  
  48  5:38  Hellion x2  
  48  5:39  Siege Tank  
  55  5:43  Armory, Factory  
  55  5:44  Factory Tech Lab  
  55  5:53  Command Center  
  55  5:58  SCV x2  
  55  5:59  SCV  
  58  6:10  SCV x2  
  58  6:11  SCV  
  61  6:20  Hellion x2  
  61  6:21  Siege Tank  
  68  6:33  Engineering Bay  
  68  6:38  Command Center  
  68  6:53  Armory  
  68  7:01  Supply Depot  
  68  7:02  Supply Depot  
  68  7:03  Supply Depot  
  68  7:04  Supply Depot, Refinery  
  68  7:05  SCV x3, Siege Tank  
  68  7:07  Refinery  
  74  7:12  Planetary Fortress  
  74  7:21  Factory Tech Lab  
  74  7:49  Thor x2, Hellbat x2  
  88  7:59  Refinery  
  88  8:01  Refinery  
  88  8:11  SCV x2  
  88  8:12  SCV x2  
  92  8:23  SCV x2  
  92  8:24  SCV x2, Command Center  
  96  8:29  Thor  
  96  8:32  Thor  
  108  8:39  SCV x2  
  108  8:40  SCV x2  
  112  8:45  Neosteel Armor  
  112  8:47  Terran Vehicle And Ship Armor Level 1, Terran Vehicle Weapons Level 1  
  112  8:51  SCV x2  
  112  8:52  SCV x2  
  116  9:00  Hellbat x2  
  120  9:02  Thor  
  120  9:03  SCV x2  
  120  9:04  SCV x2  
  130  9:14  Refinery x2  
  130  9:19  Missile Turret  
  130  9:37  Supply Depot  
  130  9:42  Supply Depot, Factory  
  130  9:59  SCV x2  
  133  10:00  SCV x2  
  134  10:07  Planetary Fortress  
  134  10:11  SCV x2  
  134  10:13  Planetary Fortress  
  138  10:28  Thor, Hellbat  
  138  10:29  Thor x2  
  138  10:31  Hellbat  
  158  10:40  Supply Depot  
  158  10:44  Supply Depot  
  158  10:47  Command Center  
  160  10:50  Hellbat  
  160  10:52  Factory Tech Lab  
  160  11:27  SCV  
  160  11:28  SCV x3  
  160  11:29  SCV x2  
  166  11:33  Hi-Sec Auto Tracking  
  166  11:34  Terran Vehicle And Ship Armor Level 2, Terran Vehicle Weapons Level 2  
  166  11:36  Infernal Pre-Igniter  
  166  11:39  SCV  
  167  11:40  SCV  
  168  11:51  Smart Servos  
  168  12:22  Factory  
  166  12:23  Factory  
  166  12:25  Factory x2  
  166  12:30  Thor x2  
  166  12:31  Thor x2  
  166  12:33  Hellion  
  192  12:40  Supply Depot  
  192  12:44  Supply Depot  
  192  12:49  Supply Depot  
  192  12:50  Hellion  
  192  13:29  Factory Tech Lab x2  
  192  13:40  Factory Reactor  
  192  13:42  Factory Tech Lab  
  198  14:31  Refinery  
Tags
 
Composition
Mech
Matchup
PvT
Spawn Locations
Cross Positions
Add a new tag
Caveats
  • Supply blocks, unpowered buildings, or Contaminate may cause inaccurate times.
  • Supply counts are checked every 10 seconds.